AoeStats
← web

Arabia

506730892Analyzed
1v1 RM · 18d ago on Sep 14, 2026· 45m 56s· 2 players
Game mode
Random Map
Map size
Tiny (2 player)
Population
200
Speed
Normal
Resources
Standard
Victory
Conquest
Starting age
Dark Age
Ending age
Imperial Age
RankedLock teamsTeams togetherTeam positionsShared explorationLock speedFull tech treeHidden civsTurbo modeCheats
Victory
Defeat
🇦🇷 Dravidians · Argentina
1412
+16
🇺🇸 Goths · United States
1419
-16
BurtoKengg
6:22 Loom
8:49 Feudal Age
10:18 Double-Bit Axe
14:11 Fletching
14:57 Padded Archer Armor
23:09 Castle Age
22:24 Horse Collar
22:39 Gold Mining
24:15 Bodkin Arrow
24:28 Husbandry
25:59 Bow Saw
30:00 Wheelbarrow
29:12 Town Watch
35:57 Imperial Age
33:23 Gambesons
33:38 Squires
32:58 Man-at-Arms
33:58 Leather Archer Armor
34:48 Long Swordsman
36:26 Two-Handed Swordsman
37:46 Stone Mining
38:11 Scale Mail Armor
38:23 Forging
39:03 Champion
41:47 Iron Casting
41:27 Chain Mail Armor
44:29 Plate Mail Armor
44:59 Blast Furnace
46:34 Conscription
web
7:04 Loom
9:08 Feudal Age
10:01 Double-Bit Axe
10:13 Man-at-Arms
16:59 Fletching
23:03 Castle Age
22:19 Horse Collar
22:30 Stone Mining
22:32 Gold Mining
23:50 Bodkin Arrow
24:13 Bow Saw
25:55 Scale Mail Armor
26:05 Forging
26:28 Squires
27:06 Heavy Plow
30:13 Chain Mail Armor
34:19 Iron Casting
36:06 Wheelbarrow
37:07 Hand Cart
41:21 Town Watch
44:42 Imperial Age
43:10 Long Swordsman
Connection lost

Rejoining the realm…

Still unreachable

The connection could not be restored.

Session expired

The server has moved on; the page needs a fresh start.